 Dungeon Crawl Stone Soup version 0.30-a0-639-g3916f1956a (webtiles) character file.

Game seed: 14123705162457105469

1845 timneilson the Slasher (level 8, -3/57 (61) HPs)
             Began as a Demonspawn Gladiator on Jan 15, 2023.
             Was a Believer of Qazlal.
             Slain by a wight
             ... wielding a +3 great sword
              (5 damage)
             ... on level 6 of the Dungeon.
             The game lasted 00:07:48 (4735 turns).

timneilson the Slasher (Demonspawn Gladiator)       Turns: 4735, Time: 00:07:49

HP:   -3/57 (61)    AC: 14    Str: 23    XL:     8   Next: 88%
MP:   10/10         EV: 10    Int:  9    God:    Qazlal [**....]
Gold: 270           SH:  8    Dex: 15    Spells: 7/7 levels left

rFire   . . .      SeeInvis .    a - +0 long sword
rCold   . . .      Faith    .    (no shield)
rNeg    . . .      Spirit   .    w - +0 chain mail
rPois   +          Reflect  +    (helmet restricted)
rElec   .          Harm     .    g - +2 cloak
rCorr   .          Rampage  .    i - +0 pair of gloves
Will    .....                    (no boots) Stlth
                                 q - amulet of reflection
HPRegen 0.29/turn                n - +6 ring of strength
MPRegen 0.24/turn                r - ring of poison resistance

@: drained
A: hooves 2, horns 1, magic regeneration, demonic magic 1, demonic touch 2
a: Renounce Religion, Upheaval


You were on level 6 of the Dungeon.
You worshipped Qazlal.
Qazlal was pleased with you.
You visited 2 branches of the dungeon, and saw 7 of its levels.
You also visited: Sewer.

You collected 270 gold pieces.

Inventory:

Hand Weapons
 a - a +0 long sword (weapon)
Missiles
 d - 3 throwing nets (quivered)
 e - a javelin
Armour
 g - a +2 cloak (worn)
 i - a +0 pair of gloves (worn)
 w - a +0 chain mail (worn)
Jewellery
 l - a ring of protection from cold
 n - a +6 ring of strength (left hand)
 q - an amulet of reflection (around neck)
 r - a ring of poison resistance (right hand)
Wands
 p - a wand of iceblast (2)
Scrolls
 c - a scroll of teleportation
 s - a scroll of noise
 u - a scroll of amnesia {unknown}
 y - a scroll of blinking
Potions
 b - 5 potions of lignification
 f - a potion of attraction
 h - 3 potions of degeneration
 j - 2 potions of mutation {unknown}
 k - a potion of ambrosia
 m - 3 potions of curing
 o - 3 potions of might {unknown}
 t - a potion of cancellation {unknown}
 x - a potion of heal wounds {unknown}


   Skills:
 + Level 4.6 Fighting
 * Level 6.2 Long Blades
 - Level 1.7 Throwing
 * Level 5.6 Armour
 + Level 4.8 Dodging
 + Level 3.4 Invocations
 + Level 2.5 Evocations


You had 7 spell levels left.
You didn't know any spells.
Your spell library contained the following spells:

 Spells                   Type           Power      Damage    Failure   Level
 Inner Flame              Hex/Fire       0%         N/A       100%        3
 Cause Fear               Hex            0%         N/A       100%        4
 Discord                  Hex            0%         N/A       100%        8


Dungeon Overview and Level Annotations

Branches:
Dungeon (6/15)             Temple (1/1) D:4           Sewer (visited)

Altars:
Ashenzari
Cheibriados
Dithmenos
Fedhas
Gozag
Hepliaklqana
Kikubaaqudgha
Makhleb
Nemelex Xobeh
Okawaru
Qazlal
Ru
Sif Muna
Trog
Uskayaw
Vehumet
Wu Jian
Xom
Yredelemnul

Shops:
D:5 *


Innate Abilities, Weirdness & Mutations

You have hoof-like feet.
You have a pair of small horns on your head.
You regenerate magic rapidly.
Spells you cast may paralyse adjacent enemies.
Your touch may inflict irresistible damage on your foes.


Message History

The wight is engulfed in freezing vapours.
The wight hits you with a +3 great sword.
You feel drained. You block the wight's attack.
You closely miss the wight. Your touch misses the wight.
The wight is lightly damaged.
The wight barely misses you. You block the wight's attack.
The wight is engulfed in freezing vapours.
The wight barely misses you.
You hit the wight but do no damage. Your headbutt misses the wight.
The wight is moderately damaged.
The wight hits you but does no damage.
The wight hits you with a +3 great sword!!
You block the wight's attack. The wight closely misses you.
The wight hits you with a +1 scimitar.
* * * LOW HITPOINT WARNING * * *
You feel drained.
* * * LOW HITPOINT WARNING * * *
You block the wight's attack.
You are too injured to fight recklessly!
You are too injured to fight recklessly!
You are too injured to fight recklessly!
You are too injured to fight recklessly!
You are too injured to fight recklessly!
You are too injured to fight recklessly!
You are too injured to fight recklessly!
You are too injured to fight recklessly!
You are too injured to fight recklessly!
You are too injured to fight recklessly!
You are too injured to fight recklessly!
You are too injured to fight recklessly!
You are too injured to fight recklessly!
Unknown command.
The wight hits you with a +3 great sword!
* * * LOW HITPOINT WARNING * * *
You feel drained.
* * * LOW HITPOINT WARNING * * *
The wight attacks as you move away! The wight closely misses you.
The wight attacks as you move away!
The wight hits you with a +3 great sword.
You die...

# #....~~~.~ .).
#.#..~~~~~
##.############.#(#~~~~~
....................~~~~
.........#########..#~..
.......))# ##.....
.$.......# #.....
.........# ######
.......@.###
#......zz..#
#......z°..#
#..........#
#..........#
#..........#
#..........#
#####.......# ..###...+


You could see 3 wights.

Vanquished Creatures
  Pikel (D:4)
  Edmund (D:6)
  2 ice beasts (D:5)
  An ogre (D:5)
  A centaur (D:5)
  2 kobold brigands (Sewer)
  A bullfrog (D:6)
  A scorpion (D:4)
  2 necrophages (D:5)
  A wight (D:6)
  2 jellies
  An orc priest (D:5)
  A hound (D:5)
  3 iguanas (D:5)
  2 orc wizards
  11 adders
  3 ufetubi (D:5)
  10 worms
  2 dart slugs
  8 orcs
  9 ball pythons
  8 bats
  10 endoplasms
  4 giant cockroaches
  7 goblins
  10 hobgoblins
  3 jackals (D:1)
  15 kobolds
  5 quokkas
  3 frilled lizards
  10 rats
140 creatures vanquished.

Vanquished Creatures (others)
  4 plants (D:1)
4 creatures vanquished.

Grand Total: 144 creatures vanquished

Notes
Turn   | Place    | Note
-------+----------+-------------------------------------------
     0 | D:1      | timneilson the Demonspawn Gladiator began the quest for the
                  | Orb.
     0 | D:1      | Reached XP level 1. HP: 16/16 MP: 1/1
   170 | D:1      | Discovered your monstrous ancestry.
   170 | D:1      | Gained mutation: You have large cloven feet. [demonic
                  | ancestry]
   170 | D:1      | Reached XP level 2. HP: 22/22 MP: 2/2
   345 | D:1      | Reached skill level 1 in Armour
   359 | D:1      | Reached skill level 3 in Long Blades
   524 | D:1      | Gained mutation: You regenerate magic rapidly. [demonic
                  | ancestry]
   524 | D:1      | Reached XP level 3. HP: 28/28 MP: 3/3
  1180 | D:2      | Found a faded altar of an unknown god.
  1659 | D:3      | Gained mutation: Your touch may inflict minor irresistible
                  | damage on your foes. [demonic ancestry]
  1659 | D:3      | Reached XP level 4. HP: 28/34 MP: 4/4
  2240 | D:4      | Found a staircase to the Ecumenical Temple.
  2295 | Temple   | Entered the Ecumenical Temple
  2425 | Temple   | Became a worshipper of Qazlal Stormbringer
  2516 | D:4      | Noticed a scorpion
  2533 | D:4      | Killed a scorpion
  2534 | D:4      | Gained mutation: Your touch may inflict irresistible damage
                  | on your foes. [demonic ancestry]
  2534 | D:4      | Reached XP level 5. HP: 38/40 MP: 5/5
  2561 | D:4      | Noticed Pikel
  2561 | D:4      | Noticed a lemure
  2561 | D:4      | Noticed a lemure
  2561 | D:4      | Noticed a lemure
  2561 | D:4      | Noticed a lemure
  2581 | D:4      | Killed Pikel
  2582 | D:4      | Reached skill level 5 in Long Blades
  2582 | D:4      | Gained mutation: You have hoof-like feet. [demonic
                  | ancestry]
  2582 | D:4      | Reached XP level 6. HP: 15/48 MP: 6/6
  2582 | D:4      | Gained mutation: You have a pair of small horns on your
                  | head. [demonic ancestry]
  2582 | D:4      | Reached XP level 7. HP: 17/53 MP: 7/7
  2875 | D:4      | Found a basalt altar of Yredelemnul.
  2887 | D:4      | Identified the +9 war axe "Dragonslayer" {protect, Contam
                  | rN+ Str+3}
  2915 | D:4      | Found a snail-covered altar of Cheibriados.
  2939 | D:4      | Found an opulent altar of Gozag.
  3052 | D:4      | Found an ancient bone altar of Kikubaaqudgha.
  3089 | D:5      | Entered Level 5 of the Dungeon
  3117 | D:5      | Found Gilov's General Store.
  3300 | D:5      | Reached skill level 1 in Invocations
  3366 | D:5      | Reached * piety under Qazlal
  3423 | D:5      | Reached skill level 1 in Evocations
  3513 | D:5      | Gained mutation: Spells you cast may paralyse adjacent
                  | enemies. [demonic ancestry]
  3513 | D:5      | Reached XP level 8. HP: 60/60 MP: 9/9
  3852 | D:5      | Reached skill level 5 in Armour
  4077 | D:6      | Found a glowing drain.
  4104 | Sewer    | Entered a sewer
  4163 | Sewer    | Reached skill level 6 in Long Blades
  4279 | Sewer    | Reached ** piety under Qazlal
  4666 | D:6      | Identified the +5 whip of Golekiq {freeze, rElec Will++
                  | Str+3 Int-4}
  4682 | D:6      | Noticed Edmund
  4695 | D:6      | Killed Edmund
  4732 | D:6      | HP: 2/57 [wight/+3 great sword (4)]
  4735 | D:6      | Slain by a wight

Illustrated notes

Levels and vault maps discovered:
D:1:      eino_arrival_tree_alley, layout_basic, minmay_indecisive_spiral
D:2:      layout_basic, shapermc_ecumenical_altar_mp_highgroup
D:3:      layout_basic
D:4:      layout_basic, nicolae_overflow_quartered_altars, temple_pool_b,
          uniq_pikel
D:5:      layout_basic, serial_shops, nicolae_diamond_shop
D:6:      layout_basic, cheibrodos_sewer_entry_drain, uniq_edmund, uniq_grinder
Temple:   mainiacjoe_temple_coin_purse

Skill      XL: |  1  2  3  4  5  6  7  8 |
---------------+-------------------------+-----
Armour         | 1 2 4 5 |  5.6
Long Blades    | 3 5 6 |  6.2
Dodging        | 3 4 |  4.8
Fighting       | 3 4 |  4.6
Invocations    | 1 3 |  3.4
Evocations     | 1 2 |  2.5
Throwing       | |  1.7

Action                   |  1- 3 |  4- 6 |  7- 9 || total
-------------------------+-------+-------+-------++-------
Melee: Long sword        |   127 |    66 |   202 ||   395
       Kick              |    22 |    17 |    52 ||    91
       Touch             |       |     9 |    26 ||    35
       Headbutt          |       |       |    40 ||    40
       Punch             |       |       |     3 ||     3
  Use: Scroll            |     5 |     3 |     6 ||    14
       Potion            |       |     1 |       ||     1
Armor: Leather armour    |    18 |       |       ||    18
       Ring mail         |    66 |    17 |    15 ||    98
       Chain mail        |       |       |    49 ||    49
Dodge: Dodged            |   117 |    44 |    87 ||   248
Block: Other             |       |    11 |    63 ||    74
       Reflection        |       |       |     3 ||     3

Table legend: (Time is in decaauts)
 A = Elapsed time spent in this place.
 B = Non-inter-level travel time spent in this place.
 C = Inter-level travel time spent in this place.
 D = Time resting spent in this place.
 E = Time spent auto-exploring this place.
 F = Levels seen in this place.
 G = Mean time per level.
                   A        B        C        D        E       F      G
               +--------+--------+--------+--------+--------+-----+--------+
         Total |   4958 |   4832 |    126 |    107 |   3555 |   8 |  619.8 |
       Dungeon |   4102 |   4001 |    101 |    107 |   2943 |   6 |  683.7 |
        Temple |    143 |    118 |     25 |      0 |    102 |   1 |  143.0 |
         Sewer |    712 |    712 |      0 |      0 |    510 |   1 |  712.0 |
               +--------+--------+--------+--------+--------+-----+--------+

Top non-repeatable levels by time:
     D:5: 960 daAuts
     D:1: 922 daAuts
     D:4: 730 daAuts
   Sewer: 712 daAuts
     D:3: 700 daAuts
     D:2: 640 daAuts
     D:6: 147 daAuts
  Temple: 143 daAuts
